 Dungeon Crawl Stone Soup version 0.31-a0-1161-g593ecc88b7 (webtiles) character file.

Game seed: 15488163902756984558

14 kae the Vexing (level 2, -1/20 HPs)
             Began as a Demonspawn Enchanter on Dec 8, 2023.
             Slain by a quokka (3 damage)
             ... on level 1 of the Dungeon.
             The game lasted 00:00:34 (328 turns).

kae the Vexing (Demonspawn Enchanter)                Turns: 328, Time: 00:00:34

Health: -1/20      AC:  2    Str:  8    XL:     2   Next: 27%
Magic:  2/5        EV: 12    Int: 15    God:
Gold:   0          SH:  0    Dex: 13    Spells: 3/5 levels left

rFire   . . .        a - +1 dagger
rCold   . . .        (no shield)
rNeg    . . .        b - +0 robe
rPois   .            (no helmet)
rElec   .            (no cloak)
rCorr   .            (no gloves)
SInv    .            (no boots)
Will    .....        (no amulet)
Stlth   ++           (no ring)
HPRegen 0.23/turn    (no ring)
MPRegen 0.09/turn

%: no passive effects
@: no status effects
A: sturdy frame 1
a: no special abilities


You were on level 1 of the Dungeon.
You visited 1 branch of the dungeon, and saw 1 of its levels.


Innate Abilities, Weirdness & Mutations

Your movements are slightly less encumbered by armour. (ER -2)


   Skills:
 + Level 0.4 Fighting
 * Level 1.2 Short Blades
 - Level 1.7 Dodging
 * Level 3.0 Stealth
 + Level 2.1 Spellcasting
 + Level 3.0 Hexes
 * Level 0.1 Ice Magic


You had 3 spell levels left.
You knew the following spells:

 Your Spells              Type           Power      Damage    Failure   Level
a - Ensorcelled Hibernat  Hex/Ice        12%        N/A       17%         2

Your spell library contained the following spells:

 Spells                   Type           Power      Damage    Failure   Level
 Confusing Touch          Hex            10%        N/A       19%         3
 Tukima's Dance           Hex            10%        N/A       19%         3
 Dazzling Flash           Conj/Hex       12%        N/A       34%         3

Inventory:

Hand Weapons
 a - a +1 dagger (weapon)
Armour
 b - a +0 robe (worn)
Potions
 c - 2 potions of invisibility

Dungeon Overview and Level Annotations

Branches:
Dungeon (1/15) Zot: 5674

Altars:

.. ... + ######..
##.##.....# #..#......#
### ###.##......# ###..
#....#...# .....
#.....@r.# #..
#....g##......####+##..
#.[....+......#†....#..
#..##..#......#.....#..
#..###.#g.)...+.......#
#..#...#..$.###.......#
#..#.##########.##....#
#..#.........##.#######
#..#########.##.#


You could see a quokka and a goblin.


Message History

You kill the endoplasm! 😨 HP[+1] Unknown command.
Your magical contamination has completely faded away.
Unknown command.
You open the door.
There is an open door here.
There is an open door here.
A rat comes into view. 😎 HP[+10] MP[+4]
Your hp is fully restored (20).
Your mp is fully restored (5).
A rat is nearby!
A rat is nearby!
A rat is nearby!
The helpless rat fails to defend itself.
You puncture the rat!
You kill the rat!
A rat comes into view.
A rat is nearby!
A rat is nearby!
The helpless rat fails to defend itself.
You puncture the rat!
You kill the rat!
Your Stealth skill increases to level 3!
No target in view!
You see here a rat corpse.
An endoplasm comes into view.
The helpless endoplasm fails to defend itself.
You puncture the endoplasm!
You kill the endoplasm!
A quokka comes into view.
A goblin comes into view. It is wielding a +0 dagger.
There are monsters nearby!
You closely miss the quokka. The quokka barely misses you.
You hit the quokka. The quokka bites you. 😕 HP[-1]
You take 1 damage, and now have 19/20 hp.
There are monsters nearby!
You hit the quokka but do no damage. The quokka bites you.
You hit the quokka but do no damage. The quokka bites you. 😮 HP[-8]
You take 8 damage, and now have 11/20 hp.
MASSIVE DAMAGE!! (PAUSE)
Casting: Ensorcelled Hibernation (safe; 17% risk of failure)
Confirm with . or Enter, or press ? or * to list all spells.
Aiming: Ensorcelled Hibernation (safe; 17% risk of failure)
Press: ? - help, Shift-Dir - straight line, f - quokka
Aim: a quokka (moderately wounded, chance to affect: 57%)
You miscast Ensorcelled Hibernation.
You are very lightly contaminated with residual magic.
Nothing appears to happen.
The goblin shouts!
The quokka barely misses you.
The quokka bites you but does no damage. 😮 MP[-2]
You lost 2 mp, and now have 3/5 mp.
You closely miss the quokka. The quokka misses you. 😮 HP[+1]
You closely miss the quokka. The quokka bites you.
* * * LOW HITPOINT WARNING * * *
😨 HP[-2]
You take 2 damage, and now have 10/20 hp.
You barely miss the quokka. The quokka closely misses you.
You miss the quokka. The quokka bites you.
* * * LOW HITPOINT WARNING * * *
😨 HP[-2]
You take 2 damage, and now have 8/20 hp.
You hit the quokka. The quokka closely misses you.
The quokka completely misses you.
The goblin hits you but does no damage. 😨 HP[+1]
Casting: Ensorcelled Hibernation (safe; 17% risk of failure)
Confirm with . or Enter, or press ? or * to list all spells.
Aiming: Ensorcelled Hibernation (safe; 17% risk of failure)
Press: ? - help, Shift-Dir - straight line, f/p - quokka
Aim: a quokka (heavily wounded, chance to affect: 57%)
The quokka resists with significant effort.
The quokka bites you.
* * * LOW HITPOINT WARNING * * *
The goblin hits you with a +0 dagger.
* * * LOW HITPOINT WARNING * * *
Your magical contamination has completely faded away. 😱 HP[-7] MP[-2]
You take 7 damage, and now have 2/20 hp.
MASSIVE DAMAGE!! (PAUSE)
You lost 2 mp, and now have 1/5 mp.
You hit the quokka but do no damage. The quokka misses you.
Unknown command.
You hit the quokka but do no damage. The goblin barely misses you.
The quokka misses you.
Unknown command.
You closely miss the quokka. The goblin barely misses you.
The quokka closely misses you.
Unknown command.
You closely miss the quokka. The goblin hits you but does no damage.
The quokka bites you.
* * * LOW HITPOINT WARNING * * *
😱 MP[+1] Unknown command.
You hit the quokka. The quokka bites you.
You die...

Skill      XL: |  1  2 |
---------------+-------+-----
Short Blades   | 1 |  1.2
Stealth        | 3 |  3.0
Fighting       | |  0.4
Dodging        | |  1.7
Spellcasting   | |  2.1
Hexes          | |  3.0
Ice Magic      | |  0.1

Action                     || total
---------------------------++-------
  Melee: Dagger            ||    56
   Cast: Ensorcelled Hiber ||     2
   Stab: Sleeping          ||     5
 Armour: Robe              ||    34
  Dodge: Dodged            ||    41

Levels and vault maps discovered:
D:1:      dpeg_arrival_round_a, layout_basic

Notes
Turn   | Place    | Note
-------+----------+-------------------------------------------
     0 | D:1      | kae the Demonspawn Enchanter began the quest for the Orb.
     0 | D:1      | Reached XP level 1. HP: 13/13 MP: 3/3
     0 | D:1      | magus.rc [v1.11.3]
    96 | D:1      | Reached skill level 1 in Short Blades
   125 | D:1      | Gained mutation: Your movements are slightly less
                  | encumbered by armour. (ER -2) [demonic ancestry]
   125 | D:1      | Reached XP level 2. HP: 18/20 MP: 5/5
   128 | D:1      | Learned a level 2 spell: Ensorcelled Hibernation
   244 | D:1      | Reached skill level 3 in Stealth
   323 | D:1      | HP: 2/20 [goblin/+0 dagger (4)]
   328 | D:1      | Slain by a quokka

Vanquished Creatures
  2 endoplasms (D:1)
  2 giant cockroaches (D:1)
  A hobgoblin (D:1)
  3 ball pythons (D:1)
  2 bats (D:1)
  A kobold (D:1)
  2 rats (D:1)
13 creatures vanquished.

Table legend:
 A = Non-vault XP
 B = Vault XP
 C = Vault XP percentage of total XP
 D = Non-vault monster count
 E = Vault monster count
 F = Vault count percentage of total count
                 A         B        C        D         E       F
            +---------+---------+-------+---------+---------+-------
      Total |      20 |       0 |   0.0 |      13 |       0 |   0.0
            +---------+---------+-------+---------+---------+-------
        D:1 |      20 |       0 |   0.0 |      13 |       0 |   0.0
            +---------+---------+-------+---------+---------+-------

Skill      XL: |  1  2 |
---------------+-------+-----
Short Blades   | 1 |  1.2
Stealth        | 3 |  3.0
Fighting       | |  0.4
Dodging        | |  1.7
Spellcasting   | |  2.1
Hexes          | |  3.0
Ice Magic      | |  0.1

Action                     || total
---------------------------++-------
  Melee: Dagger            ||    56
   Cast: Ensorcelled Hiber ||     2
   Stab: Sleeping          ||     5
 Armour: Robe              ||    34
  Dodge: Dodged            ||    41

Illustrated notes

Table legend:
 A = Kills in this place as a percentage of kills in the entire game.
 B = Kills by you in this place as a percentage of kills by you in the entire game.
 C = Kills by friends in this place as a percentage of kills by friends in the entire game.
 D = Other kills in this place as a percentage of other kills in the entire game.
 E = Experience gained in this place as a percentage of experience gained in the entire game.
 F = Experience gained in this place divided by the number of levels of this place that you have seen.
                   A       B       C       D       E      F
               +-------+-------+-------+-------+-------+----------------------
         Total | 100.0 | 100.0 |   N/A |   N/A | 100.0 |  20.0
       Dungeon | 100.0 | 100.0 |   N/A |   N/A | 100.0 |  20.0
               +-------+-------+-------+-------+-------+----------------------

Table legend: (Time is in decaauts)
 A = Elapsed time spent in this place.
 B = Non-inter-level travel time spent in this place.
 C = Inter-level travel time spent in this place.
 D = Time resting spent in this place.
 E = Time spent auto-exploring this place.
 F = Levels seen in this place.
 G = Mean time per level.
                   A        B        C        D        E       F      G
               +--------+--------+--------+--------+--------+-----+--------+
         Total |    324 |    324 |      0 |      0 |    208 |   1 |  324.0 |
       Dungeon |    324 |    324 |      0 |      0 |    208 |   1 |  324.0 |
               +--------+--------+--------+--------+--------+-----+--------+

Top non-repeatable levels by time:
     D:1: 324 daAuts
